 Dungeon Crawl Stone Soup version 0.26-a0-812-g31a745ddcd (webtiles) character file.

Game seed: 17876485963779016874

37 EnegeticOcto the Sneak (level 3, 0/22 HPs)
             Began as a Kobold Brigand on Nov 14, 2020.
             Slain by an adder (1 damage)
             ... on level 2 of the Dungeon.
             The game lasted 00:00:46 (991 turns).

EnegeticOcto the Sneak (Kobold Brigand)              Turns: 991, Time: 00:00:47

Health: 0/22       AC:  3    Str:  8    XL:     3   Next: 60%
Magic:  3/3        EV: 14    Int: 12    God:
Gold:   113        SH:  0    Dex: 17    Spells: 2/2 levels left

rFire    . . .     SeeInvis .   a - +2 dagger
rCold    . . .     Faith    .   (shield restricted)
rNeg     . . .     Spirit   .   b - +0 robe
rPois    .         Reflect  .   (no helmet)
rElec    .         Harm     .   c - +0 cloak
rCorr    .         Rampage  .   (no gloves)
MR       .....                  (no boots)
Stlth    ++++......             (no amulet)
HPRegen  0.07/turn              (no ring)
MPRegen  0.08/turn              (no ring)

@: lethally poisoned (0 -> -6)
A: small, nightstalker 3
a: no special abilities


You were on level 2 of the Dungeon.
You visited 1 branch of the dungeon, and saw 2 of its levels.

You collected 113 gold pieces.

Inventory:

Hand Weapons
 a - a +2 dagger (weapon)
Missiles
 d - 24 poisoned darts (quivered)
 e - 2 curare-tipped darts
Armour
 b - a +0 robe (worn)
 c - a +0 cloak (worn)
Jewellery
 f - an uncursed ring of fire
   (You found it on level 1 of the Dungeon)
Scrolls
 i - a scroll of enchant armour {unknown}
Potions
 g - 3 potions of attraction {unknown}
 h - a potion of curing {unknown}
 j - a potion of haste {unknown}


   Skills:
 + Level 2.7 Fighting
 * Level 4.0 Short Blades
 - Level 2.1 Throwing
 - Level 1.2 Dodging
 + Level 5.7 Stealth


You had 2 spell levels left.
You didn't know any spells.
Your spell library was empty.

Dungeon Overview and Level Annotations

Branches:
Dungeon (2/15)

Altars:


Innate Abilities, Weirdness & Mutations

You are small and have problems with some larger weapons.
You are completely attuned to the shadows.


Message History

The helpless kobold fails to defend itself.
You perforate the kobold like a sieve!!!
You kill the kobold!
No target in view!
g - 3 brown potions (gained 2)
A kobold comes into view.
A kobold is nearby!
The helpless kobold fails to defend itself.
You stick the kobold like a pincushion!!!
You kill the kobold!
No target in view!
No target in view!
No target in view!
No target in view!
No target in view!
You see here a bat skeleton.
You see here 29 stones.
You see here a mace.
There is an escape hatch in the floor here.
You enter the shallow water.
Moving in this stuff is going to be slow.
Done exploring.
Done exploring.
Done exploring.
Done exploring.
Done exploring.
No target in view!
No target in view!
No target in view!
No target in view!
No target in view!
No target in view!
No target in view!
No target in view!
Search for what [? for help]? .
Unknown command.
(D) Dungeon
Where to? (? - help)
There is an escape hatch in the floor here.
There is a stone staircase leading down here.
You climb downwards.
A jackal comes into view.
There is a stone staircase leading up here.
A jackal is nearby! 2 jackals come into view.
The helpless jackal fails to defend itself.
You skewer the jackal like a kebab!!!
You kill the jackal!
The jackal barks!
You hear an angry hiss. x2
You hit the jackal.
The jackal is heavily wounded.
The jackal closely misses you.
An adder comes into view.
You closely miss the jackal.
The jackal is heavily wounded.
The jackal bites you. The jackal closely misses you.
You hit the jackal.
The jackal is almost dead.
The jackal closely misses you. The jackal completely misses you.
You miss the jackal.
The jackal is almost dead.
The jackal bites you but does no damage.
The jackal misses you. The jackal bites you.
You completely miss the jackal.
The jackal is almost dead.
The jackal misses you.
A hobgoblin comes into view.
The jackal barely misses you. The adder barely misses you.
The jackal bites you but does no damage.
The hobgoblin shouts!
You hit the jackal.
You kill the jackal!
The jackal misses you. The adder bites you but does no damage.
You miss the adder. The jackal barely misses you. The adder misses you.
You closely miss the adder. The jackal closely misses you.
The adder bites you but does no damage.
You barely miss the adder.
The jackal bites you but does no damage.
The adder completely misses you.
You hit the adder.
The adder is moderately wounded.
The jackal bites you. The hobgoblin barely misses you.
The adder barely misses you.
You hit the adder but do no damage.
The adder is lightly wounded.
The jackal bites you. The hobgoblin closely misses you.
An adder comes into view.
The adder bites you. The jackal barely misses you. The adder misses you.
The jackal misses you. The adder bites you.
You are poisoned.
The adder poisons you!
You feel sick. The adder bites you.
* * * LOW HITPOINT WARNING * * *
The jackal closely misses you. The adder misses you. The jackal bites you.
* * * LOW HITPOINT WARNING * * *
The jackal barely misses you. The adder barely misses you.
* * * LOW HITPOINT WARNING * * *
You feel sick. The jackal barely misses you. The adder bites you.
You die...

#########
#<@hg†...
#...S.....
#..........
#.....S....
#..........


You could see 2 adders, a jackal and a hobgoblin.

Vanquished Creatures
  4 dart slugs (D:1)
  A leopard gecko (D:1)
  3 goblins (D:1)
  3 hobgoblins (D:1)
  2 jackals (D:2)
  5 bats (D:1)
  A frilled lizard (D:1)
  3 kobolds (D:1)
  7 rats (D:1)
29 creatures vanquished.

Notes
Turn   | Place    | Note
-------+----------+-------------------------------------------
     0 | D:1      | EnegeticOcto the Kobold Brigand began the quest for the
                  | Orb.
     0 | D:1      | Reached XP level 1. HP: 12/12 MP: 1/1
   125 | D:1      | Reached skill level 3 in Short Blades
   128 | D:1      | Reached XP level 2. HP: 18/18 MP: 2/2
   372 | D:1      | Reached XP level 3. HP: 22/22 MP: 3/3
   514 | D:1      | You fall into a shaft and drop 1 floor!
   743 | D:1      | Reached skill level 4 in Short Blades
   991 | D:2      | HP: 1/22 [poisoned by an adder]
   991 | D:2      | Slain by an adder

Illustrated notes

Levels and vault maps discovered:
D:1:      dpeg_arrival_tiny_d, layout_rooms, chequers_serial_rivers_small_a,
          minmay_misc_feat_more_columns
D:2:      layout_rooms, uniq_jessica, uniq_terence

Skill      XL: |  1  2  3 |
---------------+----------+-----
Short Blades   | 3 4 |  4.0
Fighting       | |  2.7
Throwing       | |  2.1
Dodging        | |  1.2
Stealth        | |  5.7

Action                   || total
-------------------------++-------
Melee: Dagger            ||    74
 Stab: Sleeping          ||    18
Armor: Robe              ||    17
Dodge: Dodged            ||    53

Table legend: (Time is in decaauts)
 A = Elapsed time spent in this place.
 B = Non-inter-level travel time spent in this place.
 C = Inter-level travel time spent in this place.
 D = Time resting spent in this place.
 E = Time spent auto-exploring this place.
 F = Levels seen in this place.
 G = Mean time per level.
                   A        B        C        D        E       F      G
               +--------+--------+--------+--------+--------+-----+--------+
         Total |    979 |    951 |     28 |      0 |    797 |   2 |  489.5 |
       Dungeon |    979 |    951 |     28 |      0 |    797 |   2 |  489.5 |
               +--------+--------+--------+--------+--------+-----+--------+

Top non-repeatable levels by time:
     D:1: 937 daAuts
     D:2: 41 daAuts
